 Dungeon Crawl Stone Soup version 0.28.0 (webtiles) character file.

Game seed: 5503445094668327408

382 Softman25 the Ducker (level 6, -5/48 HPs)
             Began as a Merfolk Gladiator on Feb 21, 2022.
             Was a Priest of Nemelex Xobeh.
             Slain by Eustachio (7 damage)
             ... on level 4 of the Dungeon.
             The game lasted 00:08:24 (4259 turns).

Softman25 the Ducker (Merfolk Gladiator)            Turns: 4259, Time: 00:08:24

Health: -5/48      AC:  5    Str: 16    XL:     6   Next: 76%
Magic:  8/8        EV: 15    Int:  7    God:    Nemelex Xobeh [***...]
Gold:   230        SH:  0    Dex: 16    Spells: 5/5 levels left

rFire   . . .      SeeInvis .   a - +0 trident
rCold   . . .      Faith    .   (no shield)
rNeg    . . .      Spirit   .   b - +0 leather armour
rPois   .          Reflect  .   c - +0 helmet
rElec   .          Harm     .   (no cloak)
rCorr   .          Rampage  .   (no gloves)
Will    .....                   m - +0 pair of boots
Stlth   +.........              (no amulet)
HPRegen 0.16/turn               (no ring)
MPRegen 0.11/turn               (no ring)

@: studying Short Blades
A: (nimble swimmer 2), mertail
a: Renounce Religion, Draw Escape, Draw Destruction, Draw Summoning, Triple Draw


You were on level 4 of the Dungeon.
You worshipped Nemelex Xobeh.
Nemelex Xobeh was most pleased with you.
You visited 1 branch of the dungeon, and saw 4 of its levels.
You also visited: Sewer.

You collected 230 gold pieces.

Inventory:

Hand Weapons
 a - a +0 trident (weapon)
Missiles
 d - 3 throwing nets (quivered)
Armour
 b - a +0 leather armour (worn)
 c - a +0 helmet (worn)
 m - a +0 pair of boots (worn)
Scrolls
 f - a scroll of amnesia {unknown}
 g - a scroll of vulnerability {unknown}
 h - 3 scrolls of teleportation
 i - a scroll of blinking {unknown}
 p - a scroll of enchant armour {unknown}
 q - a scroll of silence {unknown}
 r - a scroll of identify
Potions
 e - 3 potions of curing
 j - a potion of flight {unknown}
 k - 5 potions of brilliance
 l - a potion of lignification {unknown}
 n - a potion of cancellation
 o - a potion of invisibility {unknown}
 s - 2 potions of attraction {unknown}


   Skills:
 + Level 4.3 Fighting
 + Level 5.6 Polearms
 - Level 2.0 Throwing
 - Level 0.1 Armour
 + Level 6.7 Dodging
 * Level 3.0 Invocations


You had 5 spell levels left.
You didn't know any spells.
Your spell library was empty.

Dungeon Overview and Level Annotations

Branches:
Dungeon (4/15)              Sewer (visited)
 Temple: D:4-7

Altars:
Elyvilon
Nemelex Xobeh
Ru

Annotations:
D:4 Eustachio


Innate Abilities, Weirdness & Mutations

((You are very nimble when in or above water. (Stealth+, EV+, Speed+++)))
Your lower body shifts to a powerful aquatic tail in water.


Message History

Eustachio is heavily wounded.
Eustachio misses you.
You puncture Eustachio!
Eustachio is severely wounded.
Eustachio mumbles some strange words.
Eustachio blinks!
You closely miss the quokka.
Eustachio mumbles some strange words.
The quokka misses you.
You hit Eustachio.
Eustachio is severely wounded.
Eustachio hits you with a +1 rapier of electrocution.
You are electrocuted!!
The quokka barely misses you. The ufetubus closely misses you. x2
You barely miss Eustachio.
Eustachio is severely wounded.
The ufetubus hits you but does no damage.
The ufetubus misses you. The quokka bites you. Eustachio barely misses you.
The ufetubus closely misses you. The ufetubus misses you.
The quokka misses you.
You closely miss Eustachio.
Eustachio is severely wounded.
Eustachio hits you with a +1 rapier of electrocution.
You are electrocuted!!
* * * LOW HITPOINT WARNING * * *
The ufetubus closely misses you.
The ufetubus hits you but does no damage.
The quokka bites you but does no damage.
The crimson imp blinks!
You draw a card...
You have drawn the Dance.
The ufetubus closely misses you.
The ufetubus hits you but does no damage.
Eustachio mumbles some strange words.
The quokka misses you.
The ufetubus hits you but does no damage.
The ufetubus hits you.
* * * LOW HITPOINT WARNING * * *
You draw a card...
You have drawn the Cloud.
Clouds appear around you!
Eustachio hits you with a +1 rapier of electrocution!
You die...
Your body glows with a rainbow of weird colours and disappears.

#.# #)#. #.#
####.#.
#.##....#.
#.#..#..#. #
#.....#...
#.#.....##..
#........#..
#######
.#....#...##.
#.(r@@#
..........##.
#.###5#
..#......###. #b#
...##...####. #.#
.#. #######.. #.#
.....####... #.#
#......#. #5#
######...
#.##############.
#................


You could see Eustachio (drained), an ufetubus (summoned), a quokka (summoned,
ally target), a bat (summoned) and a friendly -2 quarterstaff of Valiance
{vorpal, rF+ Str+7} (summoned).

Vanquished Creatures
  Blork the orc (D:4)
  A hound (D:4)
  An orc priest (D:3)
  An iguana (D:4)
  A hell rat (Sewer)
  6 adders
  2 river rats (D:3)
  5 dart slugs
  4 orcs (D:3)
  7 endoplasms
  3 giant cockroaches
  5 goblins
  4 hobgoblins
  4 jackals (D:1)
  7 kobolds
  A quokka (D:2)
  16 ball pythons
  10 bats
  2 frilled lizards (D:2)
  14 rats
95 creatures vanquished.

Vanquished Creatures (collateral kills)
  A gnoll (D:2)
  An adder (D:2)
  A worm (D:2)
  An endoplasm (D:2)
  A giant cockroach (D:2)
  A goblin (D:2)
  A bat (D:2)
  A rat (D:2)
8 creatures vanquished.

Grand Total: 103 creatures vanquished

Notes
Turn   | Place    | Note
-------+----------+-------------------------------------------
     0 | D:1      | Softman25 the Merfolk Gladiator began the quest for the
                  | Orb.
     0 | D:1      | Reached XP level 1. HP: 16/16 MP: 1/1
   100 | D:1      | Reached XP level 2. HP: 22/22 MP: 2/2
   132 | D:1      | Reached skill level 5 in Polearms
   345 | D:1      | Reached XP level 3. HP: 27/28 MP: 3/3
  1103 | D:1      | Found a faded altar of an unknown god.
  1106 | D:1      | Prayed at the altar of an unknown god.
  1106 | D:1      | Became a worshipper of Nemelex Xobeh the Trickster
  1106 | D:1      | Reached * piety under Nemelex Xobeh
  1140 | D:2      | Reached skill level 5 in Dodging
  1178 | D:2      | Reached XP level 4. HP: 34/34 MP: 4/4
  1205 | D:2      | Received a gift from Nemelex Xobeh
  1369 | D:2      | Reached skill level 1 in Invocations
  1560 | D:2      | Reached XP level 5. HP: 35/41 MP: 6/6
  1931 | D:2      | Reached ** piety under Nemelex Xobeh
  2130 | D:3      | Found a glowing drain.
  2166 | D:3      | Reached skill level 6 in Dodging
  2309 | Sewer    | Entered a sewer
  2612 | Sewer    | Reached XP level 6. HP: 29/48 MP: 7/7
  3078 | D:3      | Found a white marble altar of Elyvilon.
  3289 | D:3      | Found a sacrificial altar of Ru.
  3550 | D:4      | Noticed Blork the orc
  3561 | D:4      | Killed Blork the orc
  3962 | D:4      | Reached *** piety under Nemelex Xobeh
  4074 | D:4      | Received a gift from Nemelex Xobeh
  4245 | D:4      | Noticed Eustachio
  4257 | D:4      | HP: 2/48 [Eustachio (18)]
  4258 | D:4      | Identified the -2 quarterstaff of Valiance {vorpal, rF+
                  | Str+7}
  4259 | D:4      | Slain by Eustachio

Illustrated notes

Levels and vault maps discovered:
D:1:      dpeg_arrival_arbitrary_c, layout_basic,
          shapermc_ecumenical_altar_hornbeckon
D:2:      layout_loops_cross, minmay_joined_circles
D:3:      layout_loops_ring, elyvilon_altar_4, nicolae_ru_awakened_eye,
          portal_sewer_entry_a, chequers_decorated_corner,
          minmay_stone_trees_large, solitary_fountain, kennysheep_big_empty_room
D:4:      layout_basic, nicolae_uskayaw_suspiria, kennysheep_mini_moat,
          minmay_manual_moon, uniq_ijyb, uniq_eustachio, uniq_blork_the_orc,
          uniq_sigmund

Skill      XL: |  1  2  3  4  5  6 |
---------------+-------------------+-----
Polearms       | 5 |  5.6
Dodging        | 5 6 |  6.7
Invocations    | 1 2 3 |  3.0
Fighting       | 3 4 |  4.3
Throwing       | |  2.0
Armour         | |  0.1

Action                   |  1- 3 |  4- 6 || total
-------------------------+-------+-------++-------
Melee: Trident           |    98 |   226 ||   324
       Tailslap          |     2 |       ||     2
       Punch             |     1 |     1 ||     2
Invok: Draw Destruction  |       |     9 ||     9
       Draw Summoning    |       |     2 ||     2
       Draw Escape       |       |     2 ||     2
  Use: Potion            |       |     1 ||     1
       Scroll            |       |     3 ||     3
 Stab: Sleeping          |     5 |     3 ||     8
       Distracted        |     1 |       ||     1
Armor: Leather armour    |    23 |    35 ||    58
Dodge: Dodged            |    55 |   132 ||   187
